 Dungeon Crawl Stone Soup version 0.24.0-2-g5b39cebb1c (console) character file.

Game seed: 7914652974243942900, levelgen mode: deterministic

100 AlterAsc the Gusty (level 4, -1/24 HPs)
             Began as a Tengu Air Elementalist on Oct 31, 2019.
             Killed by their own static electricity (2 damage)
             ... on level 3 of the Dungeon.
             The game lasted 00:10:14 (2007 turns).

AlterAsc the Gusty (Tengu Air Elementalist)         Turns: 2007, Time: 00:10:14

Health: -1/24      AC:  3    Str:  9    XL:     4   Next: 73%
Magic:  6/9        EV: 12    Int: 16    God:
Gold:   113        SH:  0    Dex: 14    Spells: 3/9 levels left

rFire    . . .     SeeInvis .   e - +2 dagger (venom)
rCold    . . .     Gourm    .   (no shield)
rNeg     . . .     Faith    .   o - +0 leather armour
rPois    .         Spirit   .   (helmet restricted)
rElec    .         Reflect  .   (no cloak)
rCorr    .         Harm     .   (no gloves)
MR       .....                  (boots unavailable)
Stlth    ++........             j - amulet of magic regeneration
HPRegen  0.08/turn              i - ring of flight
MPRegen  0.36/turn              (no ring)

@: sluggish, very slow
A: beak, talons 3
a: Evoke Flight


You were on level 3 of the Dungeon.
You were not hungry.

You visited 1 branch of the dungeon, and saw 3 of its levels.

You collected 113 gold pieces.

Inventory:

Hand Weapons
 e - a +2 dagger of venom (weapon)
Missiles
 m - 6 javelins (quivered)
Armour
 a - a +0 robe
 o - a +0 leather armour (worn)
Jewellery
 i - a ring of flight (left hand)
 j - an amulet of magic regeneration (around neck)
Scrolls
 d - 2 scrolls of remove curse {unknown}
 f - a scroll of random uselessness {unknown}
 g - a scroll of magic mapping {unknown}
 k - a scroll of teleportation {unknown}
 q - a scroll of enchant armour {unknown}
Potions
 b - a potion of heal wounds {unknown}
 h - a potion of brilliance {unknown}
 l - a potion of curing {unknown}
 n - a potion of agility {unknown}
Comestibles
 c - 4 rations
 p - a chunk of flesh


   Skills:
 - Level 2.2 Dodging
 - Level 2.0 Stealth
 + Level 3.0 Spellcasting
 + Level 3.4 Conjurations
 + Level 5.1 Air Magic


You had 3 spell levels left.
You knew the following spells:

 Your Spells              Type           Power        Failure   Level  Hunger
a - Shock                 Conj/Air       ###.         4%          1    #......
b - Swiftness             Chrm/Air       ##......     14%         2    ##.....
c - Static Discharge      Conj/Air       ###.....     14%         3    ###....

Your spell library contained the following spells:

 Spells                   Type           Power        Failure   Level  Hunger
 Confusing Touch          Hex            #.....       26%         1    #......
 Confuse                  Hex            #.......     61%         3    ###....
 Gell's Gravitas          Tloc           #.........   61%         3    ###....
 Airstrike                Air            ###.......   30%         4    #####..
 Lightning Bolt           Conj/Air       ###.......   77%         5    ######.
 Petrify                  Tmut/Erth      #.......     95%         4    #####..
 Metabolic Englaciation   Hex/Ice        #.........   100%        5    ######.
 Yara's Violent Unravell  Hex/Tmut       #.........   100%        5    ######.


Dungeon Overview and Level Annotations

Branches:
Dungeon (3/15)

Altars:
Cheibriados
Fedhas
Nemelex Xobeh
Uskayaw

Annotations:
D:3 1 runed translucent door, Crazy Yiuf


Innate Abilities, Weirdness & Mutations

You have a beak for a mouth.
You have claws for feet.


Message History

Your magical contamination has completely faded away.
The frilled lizard hisses angrily.
The orc priest looks encouraged for a moment.
The frilled lizard bites you.
* * * LOW HITPOINT WARNING * * *
The frilled lizard misses you.
The frilled lizard barely misses you. x2
You start to feel a little faster.
There is a stone staircase leading down here.
The frilled lizard bites you.
* * * LOW HITPOINT WARNING * * *
You climb downwards.
Level annotation: 1 runed translucent door, Crazy Yiuf
There is a stone staircase leading up here.
Casting: Static Discharge (safe; 14% risk of failure)
Confirm with . or Enter, or press ? or * to list all spells.
The frilled lizard is struck by an arc of lightning.
You kill the frilled lizard!
You are struck by an arc of lightning.
You die...

### ########.##
........#.#########
.......###.........
..#....# ##.###.##
.#...### ##....@#
....#.# #.#...†.#
.#.###.#
#.....<.....# .#.#
#.#.###.....#..#
.#.#####.##
##...##..#
........... ##.##
(# ..#..###.... ..#
# ............ ...
#.#...####.


There were no monsters in sight!

Vanquished Creatures
  An orc wizard (D:2)
  2 adders
  An ooze (D:1)
  2 dart slugs (D:1)
  An orc (D:3)
  2 giant cockroaches (D:3)
  9 goblins
  5 jackals
  A quokka (D:3)
  3 bats
  5 frilled lizards
  7 kobolds
  4 rats
43 creatures vanquished.

Notes
Turn   | Place    | Note
-------+----------+-------------------------------------------
     0 | D:1      | AlterAsc the Tengu Air Elementalist began the quest for the
                  | Orb.
     0 | D:1      | Reached XP level 1. HP: 10/10 MP: 4/4
   208 | D:1      | Reached XP level 2. HP: 15/15 MP: 0/6
   592 | D:1      | Reached XP level 3. HP: 17/19 MP: 0/7
   930 | D:2      | Found a blossoming altar of Fedhas.
   930 | D:2      | Found a snail-covered altar of Cheibriados.
   930 | D:2      | Found a sparkling altar of Nemelex Xobeh.
  1130 | D:3      | Found a runed translucent door.
  1133 | D:3      | Noticed Crazy Yiuf
  1201 | D:3      | Learned a level 2 spell: Swiftness
  1205 | D:3      | Learned a level 3 spell: Static Discharge
  1531 | D:3      | Reached XP level 4. HP: 24/24 MP: 5/9
  1947 | D:2      | Noticed a +0 dagger
  1947 | D:2      | Noticed a -1 dagger
  1950 | D:2      | Found a hide-covered altar of Uskayaw.
  1987 | D:2      | Reached skill level 5 in Air Magic
  2005 | D:2      | HP: 1/24 [frilled lizard (2)]
  2007 | D:3      | Killed from afar by themself

Levels and vault maps discovered:
D:1:      lightli_arrival_statuegarden, layout_basic
D:2:      layout_rooms, overflow_temple_1_default, dancing_weapons_uskayaw,
          nicolae_overflow_hidden_temple
D:3:      minmay_bubble_buster, layout_loops_ring,
          regret_index_temple_of_mockery, first_ration, minivault_11,
          uniq_crazy_yiuf_cottage

Skill      XL: |  1  2  3  4 |
---------------+-------------+-----
Conjurations   | 2 3 |  3.4
Spellcasting   | 3 |  3.0
Air Magic      | 5 |  5.1
Dodging        | |  2.2
Stealth        | |  2.0

Action                   |  1- 3 |  4- 6 || total
-------------------------+-------+-------++-------
Melee: Unarmed           |     2 |       ||     2
       Dagger            |     4 |       ||     4
 Cast: Shock             |    70 |    29 ||    99
       Swiftness         |       |     1 ||     1
       Static Discharge  |       |     1 ||     1
  Eat: Chunk             |     3 |     1 ||     4
Armor: Robe              |     6 |       ||     6
       Leather armour    |     3 |     2 ||     5
Dodge: Dodged            |    24 |     9 ||    33
